 Dungeon Crawl Stone Soup version 0.18-a0-1485-g189885c (webtiles) character file.

268592 Gorice the Fencer (level 19, -4/155 HPs)
             Began as a Demonspawn Gladiator on Mar 1, 2016.
             Was the Champion of Okawaru.
             Slain by a vault warden
             ... wielding a +2 bardiche of freezing
              (29 damage)
             ... on level 2 of the Vaults on Mar 3, 2016.
             The game lasted 05:19:01 (68731 turns).

Gorice the Fencer (Demonspawn Gladiator)           Turns: 68731, Time: 05:19:01

Health: -4/155     AC: 35    Str: 17    XL:     19   Next: 38%
Magic:  0/26       EV: 23    Int: 14    God:    Okawaru [******]
Gold:   1022       SH:  0    Dex: 25    Spells: 1 memorised, 16 levels left

rFire  . . .     SeeInvis +     a - +3 great sword (flame)
rCold  . . .     Gourm    .     T - +4 plate armour "Puyhif" {+Blink MR++}
rNeg   . . .     Faith    .     (shield currently unavailable)
rPois  +         Spirit   +     (helmet unavailable)
rElec  +         Dismiss  .     r - +1 cloak {rPois}
rCorr  .         Reflect  .     v - +3 pair of gloves of Wonder {rElec Str-2 Dex+7}
SustAt .         Harm     .     G - +2 pair of boots
MR     +++..     Clarity  +     F - amulet of guardian spirit
Stlth  +.........               i - +4 ring of evasion
                                R - +3 ring of slaying

@: heroism, extremely resistant to hostile enchantments, very unstealthy
A: antennae 3, hooves 1, thin skeletal structure 2, clarity, foul stench 1,
powered by pain 2, rot immunity
a: Heroism, Finesse, Renounce Religion, Evoke Blink
}: 2/15 runes: decaying, serpentine


You were on level 2 of the Vaults.
You worshipped Okawaru.
Okawaru was exalted by your worship.
You were not hungry.

You visited 7 branches of the dungeon, and saw 36 of its levels.
You visited the Abyss 1 time.
You visited 1 bazaar.
You also visited: Labyrinth, Bailey and Volcano.

You collected 5216 gold pieces.
You spent 4194 gold pieces at shops.

Inventory:

Hand Weapons
 a - a +3 great sword of flaming (weapon)
   (You took it off a wight on level 12 of the Dungeon)
 b - the +1 great sword of Extermination {freeze, rN++}
   (Okawaru gifted it to you on level 4 of the Snake Pit)

   It has been specially enchanted to freeze those struck by it, causing extra
   injury to most foes and up to half again as much damage against particularly
   susceptible opponents.
   It can also slow down cold-blooded creatures.
   It greatly protects you from negative energy.
 B - a +0 blowgun
Missiles
 K - 22 javelins (quivered)
 O - 19 curare-tipped needles
 Y - 5 throwing nets
Armour
 r - a +1 cloak of poison resistance (worn)
   (You bought it in a shop on level 2 of the Orcish Mines)
 v - the +3 pair of gloves of Wonder (worn) {rElec Str-2 Dex+7}
   (Okawaru gifted it to you on level 2 of the Lair of Beasts)

   It affects your strength (-2).
   It affects your dexterity (+7).
   It insulates you from electricity.
 G - a +2 pair of boots (worn)
 T - the +4 plate armour "Puyhif" (worn) {+Blink MR++}
   (You bought it in a shop in a bazaar)

   It affects your resistance to hostile enchantments.
   It lets you blink.
Rods
 q - a +2 rod of inaccuracy (13/13) {!a}
   (You found it in a labyrinth)
 I - a +1 rod of shadows (10/10) {!a}
   (You bought it in a shop on level 2 of the Orcish Mines)
 L - a +0 lightning rod (13/13) {!a}
   (You found it on level 8 of the Dungeon)
Jewellery
 d - an uncursed ring of protection from magic
 i - a +4 ring of evasion (right hand)
 A - an uncursed ring of sustain attributes
 F - an amulet of guardian spirit (around neck)
 P - the ring of the Lonely Ghosts {-Tele rF+ rN+ MR+ SInv}
   (You found it on level 9 of the Dungeon)

   [ring of see invisible]

   It protects you from fire.
   It protects you from negative energy.
   It affects your resistance to hostile enchantments.
   It lets you see invisible.
   It prevents most forms of teleportation.
 R - a +3 ring of slaying (left hand)
Wands
 f - a wand of confusion (24/48)
 u - a wand of hasting (5/9) {!d}
 C - a wand of heal wounds (7/9) {!d}
 M - a wand of acid (6/15)
 V - a wand of iceblast (10/15)
Scrolls
 e - a scroll of vulnerability {!r!r}
 g - 2 scrolls of summoning {!r}
 k - 3 scrolls of teleportation {!r}
 o - 2 scrolls of fog
 x - 2 scrolls of fear {!r}
 y - 4 scrolls of magic mapping {!r}
 E - 3 scrolls of blinking
 Q - 6 scrolls of remove curse
 U - 11 scrolls of identify
Potions
 c - a potion of cancellation {!q}
 h - 3 potions of agility {!q}
 j - a potion of might {!q}
 l - 3 potions of heal wounds {!q}
 m - 7 potions of curing
 p - 2 potions of haste {!q}
 t - 4 potions of invisibility {!q}
 w - 3 potions of resistance {!q}
 z - a potion of brilliance {!q}
 N - a potion of beneficial mutation
Miscellaneous
 J - a lamp of fire
Comestibles
 n - 38 chunks of flesh
 s - 10 bread rations {!e}
 H - 47 fruits


   Skills:
 - Level 15.0(20.0) Fighting
 - Level 18.2(23.2) Long Blades
 + Level 5.2(10.2) Throwing
 - Level 16.0(21.0) Armour
 + Level 12.4(17.4) Dodging
 - Level 2.7(7.7) Stealth
 - Level 8.0 Invocations
 - Level 10.0 Evocations


You had 16 spell levels left.
You knew the following spells:

 Your Spells              Type           Power        Failure   Level  Hunger
M - Repel Missiles        Chrm/Air       #.....       100%        2    ###....


Dungeon Overview and Level Annotations

Branches:
Dungeon (15/15)            Temple (1/1) D:7            Lair (8/8) D:11
  Swamp (4/4) Lair:3        Snake (4/4) Lair:3        Slime (0/6) Lair:7
    Orc (2/2) D:12            Elf (0/3) Orc:2        Vaults (2/5) D:14
 Depths (0/5) D:15
  Crypt: Vaults:2-3

Altars:
Ashenzari
Cheibriados
Dithmenos
Elyvilon
Fedhas
Gozag
Kikubaaqudgha
Makhleb
Nemelex Xobeh
Okawaru
Pakellas
Qazlal
Ru
Sif Muna
Trog
Vehumet
Xom
Yredelemnul
Zin
The Shining One
Jiyva

Shops:
D:5 *   D:6 ?}([*   D:13 !   Orc:2 [?}}[

Portals:
Trove: D:15 (lose all piety)

Annotations:
Lair:2 exclusion: oklob plant
Snake:2 exclusion: Roxanne, Roxanne


Innate Abilities, Weirdness & Mutations

You have a pair of large antennae on your head (SInv).
You have a moderately thin skeletal structure (Dex +4, Stealth+).
You may emit foul miasma when damaged in melee.
You sometimes gain power by taking damage.
You are immune to rotting.
You have large cloven feet.
You possess an exceptional clarity of mind.


Message History

The ironheart preserver completely misses you.
The vault warden barely misses you.
The vault guard hits you but does no damage.
The ironheart preserver hits you with a morningstar!
Damage: 14 (max 18)
The vault guard blocks your attack. The vault guard closely misses you.
The vault guard hits you with an enchanted broad axe.
The ironheart preserver closely misses you.
Damage: 3 (max 18) Unknown command.
You hit the vault guard. You burn the vault guard.
The vault guard is lightly wounded.
The vault guard hits you from afar with a glaive.
The vault warden hits you from afar with a bardiche of freezing!!
The vault warden freezes you. The ironheart preserver misses you.
The ironbrand convoker points at the vault sentinel and mumbles some strange words.
The vault sentinel seems to grow stronger.
The vault sentinel blows a loud note on a signal horn!
Damage: 30 (max 30)
The vault guard blocks your attack.
The vault guard is lightly wounded.
The vault guard completely misses you.
The ironheart preserver closely misses you.
The vault guard barely misses you.
You slash the vault guard! You burn the vault guard.
The vault guard is lightly wounded.
The vault guard hits you from afar with a glaive!
The ironheart preserver misses you.
The vault warden hits you from afar with a bardiche of freezing!
The vault warden freezes you.
* * * LOW HITPOINT WARNING * * *
Damage: 18 (max 30)
You blink.
You feel slightly more hungry.
The ironbrand convoker hits you with a great mace!
* * * LOW HITPOINT WARNING * * *
The ironbrand convoker looks sick.
Found four items.
Damage: 7 (max 30) Unknown command.
Unknown command.
You gain the combat prowess of a mighty hero.
You feel slightly more hungry.
The vault warden activates a sealing rune.
The doors slam shut!
The vault sentinel misses you.
The vault guard hits you from afar with a glaive!
* * * LOW HITPOINT WARNING * * *
The ironbrand convoker closely misses you.
Damage: 11 (max 30)
The vault warden hits you from afar with a bardiche of freezing!!
You die...

####### #
#)?}$$###
##.+.....+.##
#..#######..#
#...........#
#...........#
#....@.p....#
##.....p...##
####ppp####


#ppp# #ppĀ§# ############+######## +.................... +....................
#.................... You could see 2 ironheart preservers, a vault warden, 5
vault guards, a vault sentinel and an ironbrand convoker.

Vanquished Creatures
  Mara (Snake:3)
  Vashnia (Snake:4)
  the Lernaean hydra (Swamp:4)
  The ghost of Pikaro the Grappler, an adept TrWn of Zin (Swamp:3)
  2 thorn hunters
  Wiglaf (Snake:2)
  Donald (Snake:2)
  8 greater nagas (Snake:4)
  4 vault wardens
  Louise (D:15)
  2 very ugly things
  The ghost of bsdbeard the Nimble, a journeyman OpTm of Cheibriados (Snake:1)
  An ironheart preserver (Vaults:1)
  A minotaur (Lab)
  2 fire dragons
  A great orb of eyes (Vaults:1)
  Snorg (Lair:6)
  20 naga warriors
  A rakshasa (D:15)
  Fannar (Lair:3)
  An ice dragon (Vaults:1)
  2 ghost crabs
  30 hydras
  5 centaur warriors
  10 anacondas
  An ogre mage (Orc:2)
  5 alligators
  A death yak (Lair:2)
  21 naga sharpshooters
  2 thrashing horrors (Abyss:3)
  Urug (Lair:4)
  10 shock serpents
  2 deep elf knights (Vaults:1)
  Sonja (D:13)
  6 salamander mystics
  5 skeletal warriors
  A fire crab (Vaults:1)
  A shadow wraith (Vaults:1)
  3 sea snakes (Snake:1)
  2 unseen horrors (Vaults:1)
  A spriggan druid (Swamp:4)
  7 swamp dragons (Swamp:4)
  A wizard (D:15)
  13 naga ritualists
  A lindwurm (Volcano)
  A necromancer (D:14)
  5 ironbrand convokers
  A wolf spider zombie (D:15)
  9 orc knights
  Pikel (D:5)
  A shambling mangrove (Swamp:2)
  5 deep elf magi
  A hornet (Swamp:1)
  8 hill giants
  11 mana vipers
  An orc sorcerer (Orc:2)
  12 ugly things
  5 cyclopes
  3 griffons
  A wolf spider (Vaults:2)
  18 salamanders
  14 elephants
  7 guardian serpents
  A toenail golem (Volcano)
  23 naga magi
  3 molten gargoyles (Volcano)
  3 vault sentinels (Vaults:1)
  30 black mambas
  3 gargoyles
  A torpor snail (Lair:3)
  16 spiny frogs
  7 komodo dragons
  2 kobold demonologists
  4 rime drakes
  A freezing wraith (Vaults:1)
  10 yaktaurs
  The ghost of Uberwunderbarhen the Insei, a novice OpTm (D:4)
  2 demonic crawlers (D:14)
  6 two-headed ogres
  9 trolls
  8 polar bears (Lair:8)
  9 giant leeches
  A wolf spider simulacrum (D:15)
  2 boulder beetles (D:14)
  A raiju (Lair:8)
  24 blink frogs
  25 slime creatures
  8 bog bodies
  8 spriggans
  2 shadows
  2 vampires
  2 wyverns
  A fire elemental (Volcano)
  50 yaks
  3 wraiths
  8 basilisks
  24 vampire mosquitoes
  11 hippogriffs
  A human (D:7)
  2 hungry ghosts
  10 wargs
  17 insubstantial wisps
  Menkaure (D:4)
  4 mottled dragons
  16 wolves
  22 swamp worms
  Duvessa (D:4)
  4 hell hounds (Lair:8)
  86 nagas
  8 porcupines
  19 water moccasins
  3 ice beasts
  43 orc warriors
  2 sky beasts
  16 black bears
  9 wasps
  16 swamp drakes
  12 ogres
  5 boggarts (Vaults:2)
  2 necrophages
  18 crocodiles
  2 phantoms
  22 centaurs
  4 big kobolds
  3 wyvern zombies
  15 giant frogs
  5 scorpions
  Dowan (D:4)
  13 killer bees
  18 wights
  9 electric eels
  8 crimson imps
  4 giant frog zombies (D:5)
  2 centaur zombies
  6 jellies
  A quasit (D:12)
  3 giant frog skeletons
  23 orc priests
  20 hounds
  4 centaur skeletons
  Ijyb (D:2)
  14 iguanas
  21 orc wizards
  12 worker ants
  41 sheep
  A howler monkey zombie (D:5)
  A worker ant zombie (D:10)
  6 gnolls
  16 adders
  56 river rats
  6 shadow imps
  An ooze (D:1)
  An ooze (shapeshifter) (D:14)
  3 adder zombies
  An adder skeleton (D:9)
  4 worms
  4 dart slugs
  3 giant geckos
  100 orcs
  5 giant cockroaches
  11 goblins
  6 hobgoblins
  13 jackals
  44 kobolds
  9 quokkas
  4 ball pythons
  8 bats
  4 giant newts
  3 jackal zombies
  A quokka skeleton (D:4)
  9 rats
  A plant (Lair:5)
1490 creatures vanquished.

Vanquished Creatures (collateral kills)
  A hydra (Swamp:1)
  A swamp dragon (Swamp:4)
  A hippogriff (Lair:4)
3 creatures vanquished.

Vanquished Creatures (others)
  A naga sharpshooter (Snake:4)
  A deep elf mage (D:12)
  A demonic crawler (D:14)
  A vampire mosquito (D:14)
  2 swamp drakes
  2 slaves (D:5)
  A giant frog (D:7)
  A giant frog skeleton (D:7)
  An orc wizard (D:10)
  A ball lightning (Vaults:1)
  2 orcs (D:14)
  A quokka (D:7)
  11 fungi
  39 plants
65 creatures vanquished.

Grand Total: 1558 creatures vanquished

Notes
Turn   | Place    | Note
--------------------------------------------------------------
     0 | D:1      | Gorice the Demonspawn Gladiator began the quest for the Orb.
     0 | D:1      | Reached XP level 1. HP: 16/16 MP: 1/1
     0 | D:1      | --ooh plate mail right next to the entrance!
   262 | D:1      | Reached skill level 3 in Long Blades
   430 | D:1      | Gained mutation: You have a pair of small antennae on your head. [demonic ancestry]
   430 | D:1      | Reached XP level 2. HP: 22/22 MP: 2/2
   505 | D:1      | Reached skill level 1 in Armour
   844 | D:2      | Reached XP level 3. HP: 24/27 MP: 3/3
  1031 | D:2      | Noticed Ijyb
  1198 | D:2      | HP: 5/27 [Ijyb/enchanted club (5)]
  1199 | D:2      | HP: 1/27 [Ijyb/enchanted club (4)]
  1204 | D:2      | Killed Ijyb
  1204 | D:2      | Reached skill level 4 in Long Blades
  1204 | D:2      | Reached XP level 4. HP: 11/33 MP: 4/4
  1621 | D:2      | Noticed a moth of wrath
  1625 | D:2      | Found a bloodstained altar of Trog.
  1721 | D:2      | Reached skill level 2 in Armour
  2694 | D:3      | Reached XP level 5. HP: 38/38 MP: 5/5
  3328 | D:4      | Noticed an ogre
  3328 | D:4      | Noticed a phantom
  3337 | D:4      | Killed an ogre
  3337 | D:4      | Reached skill level 5 in Long Blades
  3355 | D:4      | Killed a phantom
  3355 | D:4      | Reached skill level 3 in Armour
  3355 | D:4      | Reached XP level 6. HP: 44/44 MP: 6/6
  3392 | D:4      | Noticed Uberwunderbarhen's ghost (novice OpTm)
  3715 | D:4      | HP: 11/44 [orc priest/divine providence (12)]
  3716 | D:4      | HP: 1/44 [orc priest/divine providence (10)]
  3859 | D:4      | Found a glowing golden altar of the Shining One.
  3859 | D:4      | Found a white marble altar of Elyvilon.
  3860 | D:4      | Found a glowing silver altar of Zin.
  3915 | D:4      | Noticed Duvessa
  3918 | D:4      | Noticed Dowan
  4222 | D:4      | Killed Uberwunderbarhen's ghost
  4222 | D:4      | Reached skill level 6 in Long Blades
  4222 | D:4      | Reached skill level 4 in Armour
  4222 | D:4      | Gained mutation: You have a somewhat thin skeletal structure (Dex +2, Stealth). [demonic ancestry]
  4222 | D:4      | Reached XP level 7. HP: 31/50 MP: 7/7
  4385 | D:4      | Noticed Menkaure
  4482 | D:5      | Entered Level 5 of the Dungeon
  4516 | D:5      | Found Ingioc's Elemental Accessories.
  4602 | D:5      | Reached skill level 7 in Long Blades
  4631 | D:5      | Noticed Pikel
  4651 | D:4      | Got a crude robe
  5305 | D:4      | Killed Dowan
  5386 | D:4      | Killed Duvessa
  5386 | D:4      | Gained mutation: You have a pair of antennae on your head. [demonic ancestry]
  5386 | D:4      | Reached XP level 8. HP: 23/56 MP: 8/8
  5435 | D:4      | HP: 11/56 [??? (8)]
  5709 | D:4      | Killed Menkaure
  5709 | D:4      | Reached skill level 5 in Armour
  5903 | D:4      | Reached skill level 8 in Long Blades
  6061 | D:5      | Found a basalt altar of Yredelemnul.
  6411 | D:5      | Killed Pikel
  6411 | D:5      | Reached skill level 9 in Long Blades
  6441 | D:5      | Found an ancient bone altar of Kikubaaqudgha.
  6491 | D:5      | Reached skill level 6 in Armour
  6816 | D:5      | Gained mutation: You have a pair of large antennae on your head (SInv). [demonic ancestry]
  6816 | D:5      | Reached XP level 9. HP: 59/61 MP: 9/9
  6995 | D:5      | HP: 12/61 [ogre/giant club (14)]
  7025 | D:5      | HP: 14/61 [giant frog zombie (4)]
  7449 | D:5      | Found a stormy altar of Qazlal.
  7450 | D:5      | Found a shattered altar of Ashenzari.
  7725 | D:6      | Found Feats's Gadget Shoppe.
  7766 | D:6      | Found Xyptodd's Magic Scroll Shop.
  7771 | D:6      | Bought a scroll of identify for 26 gold pieces
  7771 | D:6      | Bought a scroll of remove curse for 39 gold pieces
  7782 | D:6      | Identified the cursed +0 robe "Taxiciss" {-Tele rC++ Int+7} (You found it on level 4 of the Dungeon)
  7967 | D:6      | Found Peus's Armour Shop.
  8611 | D:6      | Reached skill level 10 in Long Blades
  9136 | D:7      | Found a staircase to the Ecumenical Temple.
  9149 | Temple   | Entered the Ecumenical Temple
  9282 | Temple   | Became a worshipper of Warmaster Okawaru
  9405 | D:6      | Found Lynug's Antique Weapon Shoppe.
  9420 | D:6      | Found Fuob's General Store.
  9432 | D:6      | Bought a scroll of identify for 22 gold pieces
  9432 | D:6      | Bought a scroll of identify for 22 gold pieces
  9667 | D:6      | Reached skill level 7 in Armour
 10257 | D:7      | Reached * piety under Okawaru
 10437 | D:7      | You fall through a shaft for 2 floors!
 10489 | D:9      | Reached skill level 11 in Long Blades
 10498 | D:9      | Reached XP level 10. HP: 53/67 MP: 7/10
 10645 | D:9      | Got a vibrating bronze ring
 10738 | D:9      | Identified the ring of the Lonely Ghosts {-Tele rF+ rN+ MR+ SInv} (You found it on level 9 of the Dungeon)
 11573 | D:8      | Reached ** piety under Okawaru
 11736 | D:8      | Reached skill level 8 in Armour
 13002 | D:9      | Reached skill level 3 in Fighting
 13069 | D:9      | Reached skill level 12 in Long Blades
 13196 | D:10     | Entered Level 10 of the Dungeon
 13196 | D:10     | Noticed a gargoyle
 13219 | D:10     | HP: 11/70 [gargoyle/stone arrow (18)]
 13224 | D:10     | Killed a gargoyle
 13545 | D:10     | Reached *** piety under Okawaru
 14177 | D:9      | Reached skill level 4 in Fighting
 14187 | D:9      | Reached XP level 11. HP: 53/77 MP: 8/11
 14615 | D:10     | Found a deep blue altar of Sif Muna.
 14622 | D:10     | Reached skill level 9 in Armour
 15083 | D:11     | Found a labyrinth entrance.
 15094 | D:11     | Noticed a brown ugly thing
 15115 | D:11     | Killed a brown ugly thing
 15115 | D:11     | Received a gift from Okawaru
 15115 | D:11     | Reached **** piety under Okawaru
 15159 | Lab      | Entered a labyrinth
 15335 | Lab      | Noticed a minotaur
 15346 | Lab      | HP: 12/78 [minotaur/the +9 Staff of Wucad Mu {channel} (12)]
 15350 | Lab      | Killed a minotaur
 15350 | Lab      | Received a gift from Okawaru
 15366 | Lab      | Identified the Collected Works on the Boosting Mountains
 15367 | Lab      | Got an ancient spear
 15371 | Lab      | Identified a +2 rod of inaccuracy (13/13) (You found it in a labyrinth)
 15372 | Lab      | Identified a +3 rod of inaccuracy (9/9) (You found it in a labyrinth)
 15526 | D:11     | Reached skill level 5 in Fighting
 15796 | D:6      | Bought a +2 pair of boots for 165 gold pieces
 15796 | D:6      | Bought a +0 cloak for 45 gold pieces
 15928 | D:11     | Noticed a red ugly thing
 15955 | D:10     | Killed a red ugly thing
 16150 | D:11     | Reached skill level 13 in Long Blades
 16490 | D:11     | Found a staircase to the Lair.
 16562 | D:11     | Reached ***** piety under Okawaru
 16627 | D:11     | Reached skill level 6 in Fighting
 16773 | D:11     | Noticed a hill giant
 16783 | D:11     | Killed a hill giant
 17138 | Lair:1   | Entered Level 1 of the Lair of Beasts
 17337 | Lair:1   | HP: 16/81 [komodo dragon (14)]
 17809 | Lair:1   | Reached skill level 10 in Armour
 18151 | Lair:1   | Reached XP level 12. HP: 70/89 MP: 8/12
 18392 | Lair:1   | Identified the Disquisition on Curses and Calling
 19405 | Lair:2   | Reached skill level 14 in Long Blades
 19416 | Lair:2   | Noticed a death yak
 19462 | Lair:2   | Killed a death yak
 19462 | Lair:2   | Received a gift from Okawaru
 19462 | Lair:2   | Reached skill level 1 in Invocations
 19463 | Lair:2   | Got a dazzling triple crossbow {god gift}
 19469 | Lair:2   | Identified the +1 triple crossbow of Integrity {venom, rF++ rN+ Str+3 Int-3} (Okawaru gifted it to you on level 2 of the Lair of Beasts)
 19565 | Lair:2   | Reached skill level 7 in Fighting
 19582 | Lair:2   | Reached skill level 2 in Invocations
 19665 | Lair:2   | Noticed a six-headed hydra
 19684 | Lair:2   | Reached skill level 3 in Invocations
 19685 | Lair:2   | Killed a six-headed hydra
 19704 | Lair:2   | Reached skill level 4 in Invocations
 20177 | Lair:2   | HP: 27/92 [crocodile (11)]
 20182 | Lair:2   | HP: 18/92 [spiny frog (5)]
 20194 | Lair:2   | HP: 29/138 [blink frog (1)]
 20200 | Lair:2   | HP: 18/138 [blink frog (8)]
 20459 | Lair:2   | Reached skill level 5 in Invocations
 20644 | Lair:2   | Received a gift from Okawaru
 20652 | Lair:2   | Reached skill level 8 in Fighting
 20653 | Lair:2   | Got a pair of crude gloves {god gift}
 20659 | Lair:2   | Identified the +3 pair of gloves of Wonder {rElec Str-2 Dex+7} (Okawaru gifted it to you on level 2 of the Lair of Beasts)
 20696 | Lair:3   | Noticed a seven-headed hydra
 20731 | Lair:2   | Reached skill level 11 in Armour
 20960 | Lair:3   | Reached skill level 6 in Invocations
 20965 | Lair:3   | HP: 27/93 [porcupine's spines (12)]
 20970 | Lair:3   | HP: 17/93 [poisoned by a black mamba]
 20975 | Lair:3   | HP: 11/93 [poisoned by a black mamba]
 20981 | Lair:3   | HP: 8/93 [poisoned by a black mamba]
 20987 | Lair:3   | HP: 5/93 [poisoned by a black mamba]
 20992 | Lair:3   | HP: 5/93 [poisoned by a black mamba]
 20999 | Lair:3   | HP: 4/93 [poisoned by a black mamba]
 21007 | Lair:3   | HP: 4/93 [poisoned by a black mamba]
 21440 | Lair:3   | Killed a seven-headed hydra
 21443 | Lair:3   | Noticed Fannar
 21520 | Lair:3   | Killed Fannar
 21824 | Lair:3   | Found a staircase to the Snake Pit.
 22327 | Lair:3   | Reached skill level 7 in Invocations
 22400 | Lair:3   | Reached XP level 13. HP: 97/100 MP: 16/18
 22516 | Lair:3   | Found a staircase to the Swamp.
 22908 | Lair:3   | Reached skill level 9 in Fighting
 23616 | Lair:4   | Reached skill level 8 in Invocations
 23706 | Lair:4   | Reached skill level 1 in Evocations
 23785 | Lair:4   | Noticed Urug
 23811 | Lair:4   | Killed Urug
 23861 | Lair:4   | Reached skill level 2 in Evocations
 23875 | Lair:4   | HP: 25/101 [blink frog (7)]
 23882 | Lair:4   | HP: 23/101 [poisoned by a spiny frog]
 23888 | Lair:4   | HP: 23/101 [poisoned by a spiny frog]
 23896 | Lair:4   | HP: 23/101 [poisoned by a spiny frog]
 24250 | Lair:4   | Gained mutation: You possess an exceptional clarity of mind. [potion of beneficial mutation]
 24251 | Lair:4   | Gained mutation: You have large cloven feet. [potion of beneficial mutation]
 25121 | Lair:4   | Reached skill level 3 in Evocations
 25319 | Lair:5   | Received a gift from Okawaru
 25510 | Lair:5   | Reached skill level 10 in Fighting
 25801 | Lair:5   | Reached skill level 12 in Armour
 26020 | Lair:5   | Reached skill level 4 in Evocations
 26673 | Lair:6   | Noticed Snorg
 26685 | Lair:6   | Killed Snorg
 27653 | Lair:7   | Reached skill level 5 in Evocations
 27839 | Lair:7   | Found a dark tunnel.
 27844 | Volcano  | Entered a volcano
 28414 | Lair:7   | Found a viscous altar of Jiyva.
 28414 | Lair:7   | Found a staircase to the Slime Pits.
 28796 | Lair:1   | Identified a scroll of acquirement
 28939 | Lair:8   | Entered Level 8 of the Lair of Beasts
 28955 | Lair:7   | Gained mutation: You are immune to rotting. [demonic ancestry]
 28955 | Lair:7   | Reached XP level 14. HP: 57/111 MP: 10/20
 29265 | Lair:8   | Reached skill level 11 in Fighting
 29624 | Lair:7   | Reached skill level 6 in Evocations
 30891 | Lair:8   | HP: 32/113 [poisoned by a spiny frog]
 30893 | Lair:8   | HP: 14/113 [poisoned by a spiny frog]
 31238 | Lair:8   | Found an iron altar of Okawaru.
 31330 | Lair:8   | Reached skill level 7 in Evocations
 31408 | Lair:8   | Reached skill level 13 in Armour
 31455 | Lair:8   | Received a gift from Okawaru
 31464 | Lair:8   | Got a pitted long sword {god gift}
 31465 | Lair:8   | Identified the +1 long sword of Okawaru's Delight {drain, rPois rF++ Str+4 Dex-3} (Okawaru gifted it to you on level 8 of the Lair of Beasts)
 32176 | D:12     | Found a flagged portal.
 32317 | Bailey   | Entered a bailey
 32480 | Bailey   | Got a warped war axe
 32607 | D:12     | Found a stormy altar of Qazlal.
 32671 | D:12     | Reached skill level 8 in Evocations
 32716 | D:12     | Found a staircase to the Orcish Mines.
 32729 | D:12     | Reached skill level 12 in Fighting
 33284 | D:12     | Upgraded the game from 0.18-a0-1468-gaf180a1 to 0.18-a0-1481-g708b138
 33401 | Orc:1    | Entered Level 1 of the Orcish Mines
 33596 | Orc:1    | --hey where is everybody?!
 33605 | Orc:2    | Entered Level 2 of the Orcish Mines
 33961 | Orc:2    | Found a staircase to the Elven Halls.
 35188 | Orc:2    | Reached ****** piety under Okawaru
 35534 | Orc:2    | Found Widwat's Gadget Shop.
 35534 | Orc:2    | Found Vacogiagh's Gadget Emporium.
 35536 | Orc:2    | Found Xapryeno's Magic Scroll Shoppe.
 35570 | Orc:2    | HP: 30/116 [orc knight/uncursed broad axe (5)]
 35575 | Orc:2    | HP: 29/116 [orc warrior/uncursed great mace (2)]
 35579 | Orc:2    | Received a gift from Okawaru
 35579 | Orc:2    | Reached skill level 9 in Evocations
 35579 | Orc:2    | Gained mutation: You sometimes gain a little power by taking damage. [demonic ancestry]
 35579 | Orc:2    | Reached XP level 15. HP: 17/122 MP: 5/21
 35953 | Orc:2    | Found Iqecuif's Antique Armour Boutique.
 35964 | Orc:2    | Bought a glowing cloak for 135 gold pieces
 35980 | Orc:2    | Bought a +1 rod of shadows (10/10) for 1120 gold pieces
 36005 | Orc:2    | Found Plog's Armour Emporium.
 36287 | D:13     | Noticed Sonja
 36297 | D:13     | Killed Sonja
 36561 | D:13     | Found Buowuit's Distillery.
 36570 | D:13     | Bought a potion of cure mutation for 350 gold pieces
 36570 | D:13     | Bought a potion of heal wounds for 70 gold pieces
 38089 | D:14     | HP: 34/122 [demonic crawler (5)]
 38466 | D:14     | Found a glowing golden altar of the Shining One.
 39233 | D:14     | Found a gate to the Vaults.
 39358 | D:14     | Reached skill level 14 in Armour
 39365 | D:15     | Entered Level 15 of the Dungeon
 39419 | D:14     | HP: 34/122 [skeletal warrior/halberd (4)]
 39461 | D:14     | HP: 27/122 [skeletal warrior/halberd (11)]
 39468 | D:14     | HP: 18/122 [skeletal warrior/halberd (6)]
 39473 | D:14     | HP: 18/122 [skeletal warrior/halberd (1)]
 39474 | D:14     | Reached skill level 13 in Fighting
 39700 | D:15     | Received a gift from Okawaru
 39700 | D:15     | Reached skill level 10 in Evocations
 39882 | D:15     | HP: 31/124 [yaktaur/bolt (14)]
 39887 | D:15     | HP: 25/124 [yaktaur/bolt (8)]
 40405 | D:15     | Noticed Louise
 40405 | D:15     | Cast into level 3 of the Abyss (Louise)
 40487 | Abyss:3  | HP: 30/124 [??? (14)]
 40493 | Abyss:3  | HP: 13/124 [thrashing horror (3)]
 40525 | Abyss:3  | HP: 36/124 [thrashing horror (3)]
 40530 | Abyss:3  | HP: 21/124 [thrashing horror (8)]
 40540 | Abyss:3  | HP: 27/124 [thrashing horror (12)]
 40545 | Abyss:3  | HP: 17/124 [thrashing horror (14)]
 40551 | Abyss:3  | Reached skill level 1 in Stealth
 40557 | D:15     | Escaped the Abyss
 40572 | D:15     | Killed Louise
 40572 | D:15     | Reached skill level 2 in Stealth
 40718 | D:15     | HP: 36/124 [rakshasa (illusionary)/long sword (10)]
 40734 | D:15     | HP: 31/124 [rakshasa/long sword (9)]
 40741 | D:15     | HP: 21/124 [vampire (illusionary)/vampiric draining (12)]
 40752 | D:15     | HP: 19/124 [rakshasa/long sword (4)]
 41656 | D:15     | Found a portal to a secret trove of treasure.
 41882 | D:15     | HP: 35/124 [fire dragon (5)]
 42159 | D:15     | Found a staircase to the Depths.
 42673 | Swamp:1  | Entered Level 1 of the Swamp
 42673 | Swamp:1  | Noticed a thorn hunter
 42683 | Swamp:1  | HP: 19/124 [thorn hunter/volley of thorns (19)]
 42685 | Swamp:1  | Killed a thorn hunter
 43296 | Swamp:1  | Received a gift from Okawaru
 43297 | Swamp:1  | Got a brightly glowing battleaxe {god gift}
 43298 | Swamp:1  | Identified the +9 battleaxe of Fragile Peace {chop, Dex+2} (Okawaru gifted it to you on level 1 of the Swamp)
 43557 | Swamp:1  | HP: 36/125 [alligator[an alligator] (4)]
 43562 | Swamp:1  | HP: 23/125 [alligator[an alligator] (2)]
 43567 | Swamp:1  | HP: 32/125 [alligator[an alligator] (1)]
 44230 | Swamp:1  | Gained mutation: You may emit foul miasma when damaged in melee. [demonic ancestry]
 44230 | Swamp:1  | Reached XP level 16. HP: 93/132 MP: 20/23
 44452 | Swamp:2  | Reached skill level 14 in Fighting
 45498 | Swamp:3  | Received a gift from Okawaru
 45650 | Swamp:3  | HP: 34/133 [giant leech (6)]
 45763 | Swamp:3  | Noticed Pikaro's ghost (adept TrWn)
 45782 | Swamp:3  | Reached skill level 15 in Armour
 46241 | Swamp:3  | Killed Pikaro's ghost
 46737 | Snake:1  | Entered Level 1 of the Snake Pit
 47217 | Snake:1  | Received a gift from Okawaru
 47856 | Snake:1  | Noticed bsdbeard's ghost (journeyman OpTm)
 47875 | Snake:1  | Killed bsdbeard's ghost
 48510 | Snake:1  | HP: 30/134 [salamander mystic/quarterstaff (14)]
 48514 | Snake:1  | Reached skill level 15 in Long Blades
 48518 | Snake:1  | HP: 39/134 [salamander/enchanted halberd (6)]
 49453 | Snake:2  | Noticed Wiglaf
 49487 | Snake:2  | Killed Wiglaf
 49833 | Snake:2  | Noticed Roxanne
 49919 | Snake:2  | Noticed Donald
 49934 | Snake:2  | Killed Donald
 50096 | Snake:2  | Reached skill level 15 in Fighting
 51123 | Snake:3  | HP: 36/136 [naga sharpshooter/arrow (14)]
 51128 | Snake:3  | HP: 24/136 [naga sharpshooter/arrow (6)]
 51137 | Snake:3  | HP: 15/136 [naga sharpshooter/arrow (8)]
 51559 | Snake:3  | Noticed Mara
 51571 | Snake:3  | Noticed Gorice's illusion
 51578 | Snake:3  | Found a stormy altar of Qazlal.
 51908 | Snake:3  | Noticed Gorice's illusion
 51937 | Snake:3  | HP: 22/136 [Mara (illusionary)/bolt of fire (45)]
 51985 | Snake:3  | HP: 30/136 [naga/glaive of protection (4)]
 52489 | Snake:3  | Gained mutation: You have a moderately thin skeletal structure (Dex +4, Stealth+). [demonic ancestry]
 52489 | Snake:3  | Reached XP level 17. HP: 142/142 MP: 24/24
 52509 | Snake:3  | Received a gift from Okawaru
 52778 | Snake:3  | HP: 39/142 [salamander/glaive (10)]
 52783 | Snake:3  | HP: 37/142 [poisoned by a naga ritualist]
 52788 | Snake:3  | HP: 35/142 [poisoned by a naga ritualist]
 52793 | Snake:3  | HP: 33/142 [poisoned by a naga ritualist]
 52798 | Snake:3  | HP: 33/142 [poisoned by a naga ritualist]
 52806 | Snake:3  | HP: 30/142 [poisoned by a naga ritualist]
 52814 | Snake:3  | HP: 31/142 [poisoned by a naga ritualist]
 53015 | Snake:3  | Reached skill level 16 in Armour
 53206 | Snake:3  | Killed Mara
 53206 | Snake:3  | Reached skill level 3 in Dodging
 53514 | Snake:3  | HP: 41/142 [black mamba (5)]
 53515 | Snake:3  | Reached skill level 4 in Dodging
 53519 | Snake:3  | HP: 36/142 [poisoned by a naga ritualist (toxic radiance)]
 53520 | Snake:3  | HP: 12/142 [black mamba (6)]
 53686 | Snake:1  | HP: 37/142 [naga sharpshooter/bolt of flame (8)]
 54191 | Snake:3  | HP: 41/142 [black mamba (6)]
 54196 | Snake:3  | HP: 21/142 [naga warrior/halberd (4)]
 54202 | Snake:3  | HP: 20/142 [poisoned by a naga ritualist (toxic radiance)]
 54644 | Snake:3  | Reached skill level 16 in Long Blades
 54644 | Snake:3  | Reached skill level 5 in Dodging
 55327 | Swamp:4  | Entered Level 4 of the Swamp
 56033 | Swamp:4  | Received a gift from Okawaru
 56059 | Swamp:4  | Reached skill level 6 in Dodging
 56504 | Swamp:4  | HP: 42/142 [six-headed hydra (5)]
 56784 | Swamp:4  | Noticed the 27-headed Lernaean hydra
 56813 | Swamp:4  | Reached skill level 7 in Dodging
 57053 | Swamp:4  | Killed the 27-headed Lernaean hydra
 57180 | Swamp:4  | Got a decaying rune of Zot
 57872 | Snake:4  | Entered Level 4 of the Snake Pit
 58263 | Snake:4  | Reached skill level 8 in Dodging
 58383 | Snake:4  | Gained mutation: You sometimes gain power by taking damage. [demonic ancestry]
 58383 | Snake:4  | Reached XP level 18. HP: 81/149 MP: 13/25
 58741 | Snake:4  | Reached skill level 17 in Long Blades
 58945 | Snake:4  | Noticed Vashnia
 59014 | Snake:4  | Received a gift from Okawaru
 59015 | Snake:4  | Got an iridescent great sword {god gift}
 59016 | Snake:4  | Identified the +1 great sword of Extermination {freeze, rN++} (Okawaru gifted it to you on level 4 of the Snake Pit)
 59404 | Snake:4  | HP: 17/149 [Vashnia/arrow (30)]
 59410 | Snake:4  | HP: 26/149 [Vashnia/arrow (16)]
 59416 | Snake:4  | HP: 14/149 [black mamba (4)]
 59417 | Snake:4  | Killed Vashnia
 59417 | Snake:4  | Reached skill level 9 in Dodging
 59421 | Snake:4  | HP: 37/149 [poisoned by a black mamba]
 59426 | Snake:4  | HP: 35/149 [poisoned by a black mamba]
 59432 | Snake:4  | HP: 34/149 [poisoned by a black mamba]
 59438 | Snake:4  | HP: 35/149 [poisoned by a black mamba]
 59446 | Snake:4  | HP: 35/149 [poisoned by a black mamba]
 60104 | Snake:4  | HP: 42/149 [naga ritualist/scimitar of venom (8)]
 60106 | Snake:4  | HP: 18/149 [naga ritualist/Olgreb's Toxic Radiance (8)]
 60108 | Snake:4  | HP: 7/149 [anaconda (3)]
 60109 | Snake:4  | HP: 1/149 [greater naga/halberd (4)]
 60924 | Snake:4  | HP: 41/149 [poisoned by a naga warrior (splash of poison)]
 61745 | Snake:4  | Received a gift from Okawaru
 62758 | Snake:4  | Reached skill level 10 in Dodging
 63420 | Snake:4  | HP: 39/149 [naga sharpshooter/poisoned arrow (13)]
 63425 | Snake:4  | HP: 40/149 [poisoned by a naga sharpshooter]
 63430 | Snake:4  | HP: 37/149 [poisoned by a naga sharpshooter]
 63435 | Snake:4  | HP: 30/149 [poisoned by a naga mage (splash of poison)]
 63440 | Snake:4  | HP: 26/149 [poisoned by a naga mage (splash of poison)]
 63446 | Snake:4  | HP: 23/149 [poisoned by a naga mage (splash of poison)]
 63451 | Snake:4  | HP: 22/149 [poisoned by a naga mage (splash of poison)]
 63456 | Snake:4  | HP: 22/149 [poisoned by a naga mage (splash of poison)]
 63463 | Snake:4  | HP: 22/149 [poisoned by a naga mage (splash of poison)]
 63471 | Snake:4  | HP: 23/149 [poisoned by a naga mage (splash of poison)]
 64739 | Snake:4  | Reached skill level 18 in Long Blades
 64961 | Snake:4  | Got a serpentine rune of Zot
 65117 | Snake:4  | HP: 43/149 [naga sharpshooter/uncursed short sword (2)]
 65122 | Snake:4  | HP: 38/149 [poisoned by a naga sharpshooter (splash of poison)]
 65124 | Snake:4  | Reached skill level 11 in Dodging
 65128 | Snake:4  | HP: 33/149 [poisoned by a naga sharpshooter (splash of poison)]
 65134 | Snake:4  | HP: 21/149 [poisoned by a naga sharpshooter (splash of poison)]
 65140 | Snake:4  | HP: 20/149 [poisoned by a naga sharpshooter (splash of poison)]
 65148 | Snake:4  | HP: 20/149 [poisoned by a naga sharpshooter (splash of poison)]
 65156 | Snake:4  | HP: 21/149 [poisoned by a naga sharpshooter (splash of poison)]
 66060 | Lair:1   | Upgraded the game from 0.18-a0-1481-g708b138 to 0.18-a0-1485-g189885c
 66165 | Vaults:1 | Entered Level 1 of the Vaults
 66403 | Vaults:1 | Found a flickering gateway to a bazaar.
 66451 | Bazaar   | Entered a bazaar
 66469 | Bazaar   | Found Hubyxiuh's Antique Armour Shoppe.
 66469 | Bazaar   | Found Eseiss's Weapon Emporium.
 66491 | Bazaar   | Found Gouf's Distillery.
 66491 | Bazaar   | Found Hotatz's Antique Weapon Emporium.
 66514 | Bazaar   | Found Huun's Armour Shoppe.
 66514 | Bazaar   | Found Tilaqah's Book Emporium.
 66571 | Bazaar   | Bought a potion of curing for 39 gold pieces
 66571 | Bazaar   | Bought a potion of cure mutation for 325 gold pieces
 66571 | Bazaar   | Bought a potion of curing for 39 gold pieces
 66571 | Bazaar   | Bought a potion of curing for 39 gold pieces
 66571 | Bazaar   | Bought a potion of curing for 39 gold pieces
 66571 | Bazaar   | Bought a potion of heal wounds for 65 gold pieces
 66585 | Bazaar   | Bought a spiked plate armour for 784 gold pieces
 66595 | Bazaar   | Identified the +4 plate armour "Puyhif" {+Blink MR++} (You bought it in a shop in a bazaar)
 66595 | Bazaar   | Bought an ichor-stained scale mail for 252 gold pieces
 66595 | Bazaar   | Bought an aquamarine-encrusted ring mail for 252 gold pieces
 66605 | Bazaar   | Identified the +1 scale mail of Nurritz {Str+5} (You bought it in a shop in a bazaar)
 66615 | Bazaar   | Identified the cursed +1 ring mail of Hedge Wizardry {Slay+3} (You bought it in a shop in a bazaar)
 66615 | Bazaar   | Bought an embroidered cloak for 126 gold pieces
 66666 | Bazaar   | Bought a book of Minor Magic for 240 gold pieces
 66670 | Bazaar   | Learned a level 2 spell: Repel Missiles
 66790 | Vaults:1 | Received a gift from Okawaru
 66790 | Vaults:1 | Reached XP level 19. HP: 155/155 MP: 26/26
 66921 | Vaults:1 | Reached skill level 2 in Throwing
 67353 | Vaults:1 | Reached skill level 3 in Throwing
 67477 | Vaults:1 | Reached skill level 12 in Dodging
 67963 | Vaults:1 | Reached skill level 4 in Throwing
 68573 | Vaults:2 | Reached skill level 5 in Throwing
 68584 | Vaults:2 | Received a gift from Okawaru
 68728 | Vaults:2 | HP: 43/155 [vault warden/bardiche of freezing (4)]
 68731 | Vaults:2 | Slain by a vault warden

Vault maps used:
D:1:      dpeg_arrival_connections
D:2:      tgw_trog, uniq_iyjb
D:4:      good_gods_mini_temple, serial_bayou_crossing, uniq_menkaure,
          uniq_duvessa
D:5:      kiku_gazebo_garden_becter, gammafunk_temple_overflow_wave,
          yredelemnul_altar_generic, serial_undead, serial_undead_d,
          serial_undead_a, serial_undead_e, serial_undead_e, first_bread,
          nicolae_elemental_shop, uniq_pikel
D:6:      serial_shops, shop, shop, shop, nicolae_shop_crystal,
          nicolae_shop_trees
D:7:      temple_fountains, grunt_livestock, st_stairs_1, nicolae_sextant
D:10:     kennysheep_orc_sif_temple
D:11:     minmay_lair_entry_grove, lab_entry_generic
D:12:     orc_0_dummy, enter_bailey_5, nicolae_qazlal_general_emergency
D:13:     serial_shops, nicolae_shop_crystal, minmay_misc_feat_tiny,
          minmay_holes, uniq_sonja
D:14:     minmay_goldmine, david_vaults_4, basic_altar,
          infiniplex_staircase_river, einodemon_crawler_minivault
D:15:     grunt_enter_depths_hoard, roderic_aztec_sauvastika,
          nicolae_trove_entry_crystal, uniq_louise
Temple:   circular_temple_12
Lair:1:   nicolae_quartered_pool_little
Lair:2:   forest_paths
Lair:3:   minmay_swamp_entry_worms, guppyfry_snake_entry_garden, minivault_25,
          lemuel_fruit_tree, uniq_fannar
Lair:4:   serial_bayou_lagoon_a, grunt_megastairs_1, uniq_urug
Lair:5:   minivault_11, grunt_forest_small_clearings, hibernation_bobbens,
          grunt_megastairs_3
Lair:6:   uniq_snorg
Lair:7:   dpeg_slime_entry_enclosed_altar, nicolae_volcano_entry_s_turn,
          lookout_lair_type, grunt_forest_large_clearings
Lair:8:   hangedman_lair_caniforms_friends, guppyfry_lair_end_dragon,
          basic_altar
Swamp:1:  evilmike_swamp_ruin_house_4
Swamp:2:  evilmike_swamp_ruin_house_3, infiniplex_staircase_pool
Swamp:3:  serial_swamp_ruin, evilmike_swamp_ruin_rubble_2,
          evilmike_swamp_ruin_rubble_1, hangedman_swamp_ruin_hall
Swamp:4:  swamp_old_school, swamp_pool2
Snake:1:  cheibrodos_snake_lava_hold, serial_bayou_lake_a
Snake:2:  uniq_donald, uniq_wiglaf, uniq_roxanne
Snake:3:  basic_altar, nicolae_snake_biting_tails, grunt_megastairs_2, uniq_mara
Snake:4:  johnstein_snake_rune_scales, spider_trap, st_stairs_11,
          grunt_ministairs_11, uniq_vashnia
Orc:2:    st_orc_rangers, serial_shops, nicolae_shop_stone,
          nicolae_orc_pool_cavern
Vaults:1: v_misc_2, vaults_room_grunt_arrival_ludios,
          nicolae_vaults_circle_grid_b, vaults_room_door_ring,
          nicolae_vaults_puzzle_piece, vaults_room_hallway,
          nicolae_vaults_shelves_hall, v_misc_15,
          nicolae_vaults_little_squares_4, hangedman_vaults_corner_blocks,
          serial_shops, bzr_entry_customers
Vaults:2: ontoclasm_vaults_spin, dpeg_vaults_monster_row,
          nicolae_vaults_meeting, v_misc_30,
          hangedman_vaults_stretched_pinwheel, vaults_dpeg_cross, v_misc_13,
          hangedman_vaults_river_flow, vaults_room_ringed_pool, v_misc_14,
          dpeg_vaults_monster_box, uniq_frederick
Lab:      labyrinth_spiral, labyrinth_lava_lair
Bazaar:   bazaar_short_row
Bailey:   bailey_axe_1, bailey
Volcano:  volcano_aerie

Skill      XL: |  1  2  3  4  5  6  7  8  9 10 11 12 13 14 15 16 17 18 19 |
---------------+----------------------------------------------------------+-----
Long Blades    | 3 4 5 6 7 9 11 12 13 14 15 16 18 | 18.2
Armour         | 1 2 3 4 6 7 8 10 11 12 13 14 15 16 | 16.0
Fighting       | 4 6 8 10 12 13 15 | 15.0
Invocations    | 7 8 |  8.0
Evocations     | 5 9 10 | 10.0
Stealth        | 2 |  2.7
Dodging        | 8 11 12 | 12.4
Throwing       | 5 |  5.2

Action                   |  1- 3 |  4- 6 |  7- 9 | 10-12 | 13-15 | 16-18 | 19-21 || total
-------------------------+-------+-------+-------+-------+-------+-------+-------++-------
Melee: Long sword        |   101 |   239 |   351 |       |  1446 |       |       ||  2137
       Scimitar          |       |       |   107 |  1479 |  1227 |       |       ||  2813
       Blowgun           |       |       |       |     1 |       |       |       ||     1
       Great sword       |       |       |       |       |   393 |  1965 |   348 ||  2706
 Fire: Blowgun           |       |     5 |    90 |    92 |     6 |       |       ||   193
Throw: Stone             |     5 |    41 |    16 |       |       |       |       ||    62
       Throwing net      |       |       |     3 |       |     1 |     1 |       ||     5
       Tomahawk          |       |       |     6 |    71 |    71 |       |       ||   148
       Javelin           |       |       |       |     9 |     1 |    26 |       ||    36
Invok: Heroism           |       |       |       |    16 |    25 |    17 |     1 ||    59
       Finesse           |       |       |       |       |     1 |     3 |       ||     4
 Abil: Evoke Blink       |       |       |       |       |       |       |     1 ||     1
Evoke: Wand              |       |     3 |       |       |     3 |    12 |       ||    18
       Rod               |       |       |       |     7 |    61 |    21 |       ||    89
  Use: Scroll            |     4 |     4 |    15 |    13 |    18 |    15 |       ||    69
       Potion            |     1 |     3 |     1 |     7 |    10 |    10 |       ||    32
 Stab: Held in net/web   |       |       |     2 |       |     1 |     2 |       ||     5
       Invisible         |       |       |       |    11 |       |       |       ||    11
       Paralysed         |       |       |       |       |       |     5 |       ||     5
       Sleeping          |       |       |       |       |       |     2 |       ||     2
       Distracted        |       |       |       |       |       |     1 |       ||     1
  Eat: Chunk             |     1 |    10 |    16 |    34 |    60 |    23 |     7 ||   151
       Meat ration       |       |       |     1 |       |     1 |     2 |       ||     4
       Pizza             |       |       |       |     2 |     3 |     3 |       ||     8
       Bread ration      |       |       |       |     1 |     2 |     9 |       ||    12
       Fruit             |       |       |       |       |     2 |       |       ||     2

Table legend:
 A = Turns spent in this place as a percentage of turns spent in the entire game.
 B = Non-inter-level travel turns spent in this place as a percentage of non-inter-level travel turns spent in the entire game.
 C = Inter-level travel turns spent in this place as a percentage of turns spent in this place.
 D = Turns resting spent in this place as a percentage of non-inter-level travel turns spent in this place.
 E = Turns spent auto-exploring this place as a percentage of non-inter-level travel turns spent in this place.
 F = Non-inter-level travel turns spent in this place divided by the number of levels of this place that you've seen.
                   A       B       C       D       E      F
               +-------+-------+-------+-------+-------+----------------------
         Total | 100.0 | 100.0 |   0.5 |   2.7 |   3.4 | 624.4
       Dungeon |  34.9 |  34.9 |   0.5 |   2.0 |   4.0 | 594.9
        Temple |   0.3 |   0.3 |   0.0 |   0.0 |  11.4 |  79.0
          Lair |  23.5 |  23.5 |   0.7 |   2.1 |   2.8 | 752.0
         Swamp |   8.0 |   8.0 |   0.4 |   3.2 |   5.4 | 510.2
     Snake Pit |  18.6 |  18.6 |   0.5 |   5.4 |   3.5 | 1188.2
  Orcish Mines |   7.0 |   7.0 |   0.1 |   1.6 |   1.1 | 897.5
        Vaults |   4.0 |   4.0 |   0.2 |   0.8 |   3.1 | 518.0
         Abyss |   0.6 |   0.6 |   0.0 |   1.2 |   0.0 | 166.0
     Labyrinth |   0.9 |   0.9 |   0.0 |   2.7 |   0.0 | 224.0
        Bazaar |   0.8 |   0.8 |   0.0 |   0.0 |   0.5 | 201.0
        Bailey |   0.8 |   0.8 |   0.0 |   0.0 |   0.0 | 199.0
       Volcano |   0.6 |   0.6 |   0.0 |   2.4 |   0.0 | 165.0
               +-------+-------+-------+-------+-------+----------------------

Vault maps used:
D:1:      dpeg_arrival_connections
D:2:      tgw_trog, uniq_iyjb
D:4:      good_gods_mini_temple, serial_bayou_crossing, uniq_menkaure,
          uniq_duvessa
D:5:      kiku_gazebo_garden_becter, gammafunk_temple_overflow_wave,
          yredelemnul_altar_generic, serial_undead, serial_undead_d,
          serial_undead_a, serial_undead_e, serial_undead_e, first_bread,
          nicolae_elemental_shop, uniq_pikel
D:6:      serial_shops, shop, shop, shop, nicolae_shop_crystal,
          nicolae_shop_trees
D:7:      temple_fountains, grunt_livestock, st_stairs_1, nicolae_sextant
D:10:     kennysheep_orc_sif_temple
D:11:     minmay_lair_entry_grove, lab_entry_generic
D:12:     orc_0_dummy, enter_bailey_5, nicolae_qazlal_general_emergency
D:13:     serial_shops, nicolae_shop_crystal, minmay_misc_feat_tiny,
          minmay_holes, uniq_sonja
D:14:     minmay_goldmine, david_vaults_4, basic_altar,
          infiniplex_staircase_river, einodemon_crawler_minivault
D:15:     grunt_enter_depths_hoard, roderic_aztec_sauvastika,
          nicolae_trove_entry_crystal, uniq_louise
Temple:   circular_temple_12
Lair:1:   nicolae_quartered_pool_little
Lair:2:   forest_paths
Lair:3:   minmay_swamp_entry_worms, guppyfry_snake_entry_garden, minivault_25,
          lemuel_fruit_tree, uniq_fannar
Lair:4:   serial_bayou_lagoon_a, grunt_megastairs_1, uniq_urug
Lair:5:   minivault_11, grunt_forest_small_clearings, hibernation_bobbens,
          grunt_megastairs_3
Lair:6:   uniq_snorg
Lair:7:   dpeg_slime_entry_enclosed_altar, nicolae_volcano_entry_s_turn,
          lookout_lair_type, grunt_forest_large_clearings
Lair:8:   hangedman_lair_caniforms_friends, guppyfry_lair_end_dragon,
          basic_altar
Swamp:1:  evilmike_swamp_ruin_house_4
Swamp:2:  evilmike_swamp_ruin_house_3, infiniplex_staircase_pool
Swamp:3:  serial_swamp_ruin, evilmike_swamp_ruin_rubble_2,
          evilmike_swamp_ruin_rubble_1, hangedman_swamp_ruin_hall
Swamp:4:  swamp_old_school, swamp_pool2
Snake:1:  cheibrodos_snake_lava_hold, serial_bayou_lake_a
Snake:2:  uniq_donald, uniq_wiglaf, uniq_roxanne
Snake:3:  basic_altar, nicolae_snake_biting_tails, grunt_megastairs_2, uniq_mara
Snake:4:  johnstein_snake_rune_scales, spider_trap, st_stairs_11,
          grunt_ministairs_11, uniq_vashnia
Orc:2:    st_orc_rangers, serial_shops, nicolae_shop_stone,
          nicolae_orc_pool_cavern
Vaults:1: v_misc_2, vaults_room_grunt_arrival_ludios,
          nicolae_vaults_circle_grid_b, vaults_room_door_ring,
          nicolae_vaults_puzzle_piece, vaults_room_hallway,
          nicolae_vaults_shelves_hall, v_misc_15,
          nicolae_vaults_little_squares_4, hangedman_vaults_corner_blocks,
          serial_shops, bzr_entry_customers
Vaults:2: ontoclasm_vaults_spin, dpeg_vaults_monster_row,
          nicolae_vaults_meeting, v_misc_30,
          hangedman_vaults_stretched_pinwheel, vaults_dpeg_cross, v_misc_13,
          hangedman_vaults_river_flow, vaults_room_ringed_pool, v_misc_14,
          dpeg_vaults_monster_box, uniq_frederick
Lab:      labyrinth_spiral, labyrinth_lava_lair
Bazaar:   bazaar_short_row
Bailey:   bailey_axe_1, bailey
Volcano:  volcano_aerie
